 Dungeon Crawl Stone Soup version 0.19.5 (console) character file.

21012 Grinner the Grappler (level 12, -2/97 HPs)
             Began as a Troll Transmuter on Mar 3, 2017.
             Was a Priest of Jiyva.
             Slain by a two-headed ogre
             ... wielding a +0 dire flail of protection
              (25 damage)
             ... on level 11 of the Dungeon.
             The game lasted 00:44:19 (12733 turns).

Grinner the Grappler (Troll Transmuter)            Turns: 12733, Time: 00:44:20

Health: -2/97      AC:  8    Str: 21    XL:     12   Next: 50%
Magic:  20/20      EV:  7    Int:  9    God:    Jiyva [***...]
Gold:   564        SH: 16    Dex: 14    Spells: 3 memorised, 13 levels left

rFire  . . .     SeeInvis +       - Unarmed
rCold  . . .     Gourm    +     H - +2 robe
rNeg   . . .     Faith    .     I - +0 large shield
rPois  .         Spirit   .     b - +0 hat
rElec  .         Reflect  .     u - +0 cloak
rCorr  +         Harm     .     (gloves unavailable)
MR     +....     Rnd*Rage +     (boots unavailable)
Stlth  +++.......               R - amulet of rage
                                i - ring of see invisible
                                C - ring "Dazuaso" {MR+ Stlth+}

@: appendage
A: unfitting armour, claws 3, horns 2, camouflage 1, berserk 1, fast metabolism
3, gourmand, regeneration 1, shaggy fur 1, tough skin 2
a: End Transformation, Request Jelly, Renounce Religion, Evoke Berserk Rage


You were on level 11 of the Dungeon.
You worshipped Jiyva.
Jiyva was most pleased with you.
You were full.
You had grown temporary horns.
You visited 2 branches of the dungeon, and saw 17 of its levels.
You also visited: Ossuary.

You collected 793 gold pieces.
You spent 229 gold pieces at shops.

Inventory:

Missiles
 a - 241 arrows
 q - 5 large rocks (quivered)
Armour
 b - a +0 hat (worn)
 u - a +0 cloak (worn)
 H - a +2 robe (worn)
 I - a +0 large shield (worn)
Jewellery
 i - a ring of see invisible (right claw)
 w - an uncursed ring of flight
 x - an uncursed ring of protection from magic
 C - the ring "Dazuaso" (left claw) {MR+ Stlth+}
   (You found it in an ossuary)

   [ring of stealth]

   It affects your resistance to hostile enchantments.
   It makes you more stealthy.
 G - an uncursed ring of ice
 L - an uncursed ring of wizardry
 R - an amulet of rage (around neck)
Wands
 m - a wand of digging (14/24)
 J - a wand of polymorph (3/24)
 O - a wand of flame (30/48)
 Q - a wand of lightning (10/15)
 T - a wand of flame (10/48)
Scrolls
 f - 3 scrolls of enchant armour
 n - 4 scrolls of fear
 o - 4 scrolls of immolation
 r - a scroll of fog
 t - 2 scrolls of amnesia
 v - a scroll of holy word
 y - 2 scrolls of teleportation
 z - 4 scrolls of remove curse
 A - 2 scrolls of recharging
 D - 2 scrolls of enchant weapon
 F - 6 scrolls of identify
 K - 2 scrolls of blinking
 P - a scroll of silence
Potions
 e - 3 potions of curing
 g - a potion of ambrosia
 j - a potion of magic
 p - a potion of cure mutation
 B - a potion of cancellation
 M - 3 potions of flight
 N - a potion of heal wounds
Books
 c - a book of Changes

   Spells                             Type                      Level
   a - Beastly Appendage              Transmutation                1
   b - Sticks to Snakes               Transmutation                2
   c - Spider Form                    Transmutation/Poison         3
   d - Ice Form                       Ice/Transmutation            4
   e - Blade Hands                    Transmutation                5
Comestibles
 d - 14 bread rations
 h - 3 beef jerkies
 k - 8 slices of pizza
 l - 3 meat rations
 s - 4 fruits
 E - a royal jelly


   Skills:
 - Level 0.7 Fighting
 - Level 1.5 Dodging
 + Level 7.1 Shields
 + Level 12.0 Unarmed Combat
 - Level 6.4 Spellcasting
 - Level 7.6 Transmutations
 + Level 5.0 Ice Magic


You had 13 spell levels left.
You knew the following spells:

 Your Spells              Type           Power        Failure   Level  Hunger
a - Ice Form              Ice/Tmut       ##......     88%         4    ####...
x - Blade Hands           Tmut           ###.......   97%         5    ######.
z - Beastly Appendage     Tmut           ###...       6%          1    None


Dungeon Overview and Level Annotations

Branches:
Dungeon (11/15)            Temple (0/1) D:7            Lair (6/6) D:9
 Shoals (0/4) Lair:2       Spider (0/4) Lair:4        Slime (0/5) Lair:6
    Orc: D:9-12

Altars:
Ashenzari
Cheibriados
Dithmenos
Elyvilon
Kikubaaqudgha
Makhleb
Nemelex Xobeh
Ru
Sif Muna
Jiyva

Shops:
D:5 [   D:6 *


Innate Abilities, Weirdness & Mutations

You are too large for most types of armour.
You have claws for hands.
Your metabolism is lightning-fast.
You like to eat raw meat.
Your natural rate of healing is unusually fast.
You are covered in fur. (AC +1)
You have very tough skin. (AC +2)
You have a pair of horns on your head.
Your skin changes colour to match your surroundings (Stealth+).
You tend to lose your temper in combat.


Message History

You block the two-headed ogre's attack.
You mangle the two-headed ogre!!
The two-headed ogre is severely wounded.
Your shield prevents you from hitting the two-headed ogre.
The two-headed ogre is severely wounded.
The two-headed ogre hits you with a dire flail of protection!!
The two-headed ogre closely misses you.
You hear a slurping noise.
Jiyva appreciates your sacrifice.
You scratch the two-headed ogre but do no damage.
You headbutt the two-headed ogre.
The two-headed ogre is almost dead.
You block the two-headed ogre's attack.
The two-headed ogre hits you with a giant club.
You barely miss the two-headed ogre.
The two-headed ogre is almost dead.
The two-headed ogre hits you with a dire flail of protection!
* * * LOW HITPOINT WARNING * * *
The two-headed ogre hits you with a giant club!!
You die...

........#
........########..J.....
...............#........
.##............#........
.##.....##.....#........
#.....##........?.....
#......#####'##........
#......#...............
#......#..##...@.......
#......#. #....O...... #
#...........
#.....[.....
.............
##########.... .... ...


You could see a two-headed ogre and a neutral jelly (fellow slime).

Vanquished Creatures
  Gastronok (D:8)
  Erolcha (D:9)
  2 hill giants
  A cyclops (D:9)
  Maurice (D:8)
  2 black mambas
  A molten gargoyle (Lair:3)
  Joseph (D:9)
  3 spiny frogs
  3 komodo dragons
  A troll (D:8)
  3 polar bears
  The ghost of Saba the Archer, an amateur CeHu (D:4)
  A two-headed ogre (D:4)
  A hippogriff (Lair:1)
  Sigmund (D:6)
  A human (D:7)
  4 hogs (D:7)
  29 yaks
  2 basilisks
  Edmund (D:5)
  10 water moccasins
  7 porcupines
  2 ice beasts
  3 orc warriors
  A sky beast (D:9)
  3 black bears
  2 phantoms (D:8)
  6 ogres
  The ghost of Saba the Archer, an amateur CeHu (D:3)
  3 centaurs (D:9)
  5 crocodiles
  9 bullfrogs
  Blork the orc (D:5)
  7 scorpions
  8 killer bees
  9 wights
  An electric eel (Lair:2)
  3 crimson imps
  4 howler monkeys
  A quasit (D:10)
  3 lava snakes (Lair:3)
  2 bullfrog zombies (Ossuary)
  5 orc priests
  3 jellies
  2 bullfrog skeletons
  2 centaur zombies
  3 hounds
  5 orc wizards
  3 iguanas
  17 mummies (Ossuary)
  Ijyb (D:2)
  4 worker ants
  3 killer bee zombies (Ossuary)
  3 hound zombies
  3 worker ant zombies
  4 gnolls (D:5)
  A howler monkey skeleton (D:9)
  8 adders
  2 shadow imps
  2 adder zombies
  4 worms
  3 dart slugs
  5 leopard geckos
  17 orcs
  A ball python (D:1)
  11 giant cockroaches
  8 goblins
  10 hobgoblins
  5 jackals
  6 kobolds
  3 quokkas
  A ball python zombie (Ossuary)
  9 bats
  4 frilled lizards
  A giant cockroach zombie (D:4)
  A leopard gecko skeleton (D:4)
  A leopard gecko zombie (Ossuary)
  5 rats
318 creatures vanquished.

Vanquished Creatures (others)
  A centaur (D:10)
  A bullfrog (D:10)
  A killer bee (D:10)
  8 jellies
  A crimson imp (D:10)
  An orc priest (D:10)
  An orc wizard (D:10)
  3 orcs (D:10)
  2 fungi (Lair:4)
19 creatures vanquished.

Grand Total: 337 creatures vanquished

Notes
Turn   | Place    | Note
-------+----------+-------------------------------------------
     0 | D:1      | Grinner the Troll Transmuter began the quest for the Orb.
     0 | D:1      | Reached XP level 1. HP: 18/18 MP: 1/1
   296 | D:1      | Reached XP level 2. HP: 26/26 MP: 3/3
   721 | D:2      | Reached XP level 3. HP: 31/32 MP: 4/4
   981 | D:2      | Found a white marble altar of Elyvilon.
  1020 | D:2      | Noticed Ijyb
  1029 | D:2      | Killed Ijyb
  1029 | D:2      | Reached XP level 4. HP: 37/40 MP: 5/5
  1284 | D:2      | Found a shadowy altar of Dithmenos.
  1284 | D:2      | Found a faded altar of an unknown god.
  1289 | D:2      | Found a faded altar of an unknown god.
  1291 | D:2      | Found a faded altar of an unknown god.
  1292 | D:2      | Found a faded altar of an unknown god.
  1459 | D:3      | Reached skill level 4 in Unarmed Combat
  1665 | D:3      | Noticed Saba's ghost (amateur CeHu)
  1675 | D:3      | Killed Saba's ghost
  1675 | D:3      | Reached XP level 5. HP: 45/46 MP: 7/7
  2346 | D:4      | Found a deep blue altar of Sif Muna.
  2491 | D:4      | Reached XP level 6. HP: 54/54 MP: 8/8
  2585 | D:4      | Found a shattered altar of Ashenzari.
  2597 | D:4      | Noticed Saba's ghost (amateur CeHu)
  2604 | D:4      | Killed Saba's ghost
  2604 | D:4      | Reached skill level 5 in Unarmed Combat
  2604 | D:4      | Reached XP level 7. HP: 47/61 MP: 8/10
  2610 | D:4      | Noticed a two-headed ogre
  2618 | D:4      | Killed a two-headed ogre
  3062 | D:5      | Entered Level 5 of the Dungeon
  3089 | D:5      | Found a sand-covered staircase.
  3094 | Ossuary  | Entered an ossuary
  3134 | Ossuary  | Reached skill level 6 in Unarmed Combat
  3151 | Ossuary  | Reached XP level 8. HP: 35/68 MP: 12/12
  3358 | Ossuary  | Got a flickering amber ring
  3360 | Ossuary  | Identified the ring "Dazuaso" {MR+ Stlth+} (You found it in an ossuary)
  3623 | D:5      | Found Kahuv's Antique Armour Emporium.
  3911 | D:5      | Noticed Edmund
  3927 | D:5      | Killed Edmund
  3927 | D:5      | Reached skill level 7 in Unarmed Combat
  3927 | D:5      | Reached skill level 5 in Transmutations
  4058 | D:5      | Noticed Blork the orc
  4063 | D:5      | Killed Blork the orc
  4531 | D:6      | Noticed Sigmund
  4541 | D:6      | Killed Sigmund
  4541 | D:6      | Reached XP level 9. HP: 69/75 MP: 14/14
  4686 | D:6      | Found Nawk's Assorted Antiques.
  4687 | D:6      | Noticed a hill giant
  4696 | D:6      | HP: 1/75 [hill giant/giant spiked club (32)]
  4705 | D:6      | Killed a hill giant
  4718 | D:6      | Bought a glowing robe for 147 gold pieces
  4718 | D:6      | Bought a viscous amethyst potion for 19 gold pieces
  4718 | D:6      | Bought a scroll labeled WUAPNO LISSODU for 22 gold pieces
  4718 | D:6      | Bought a scroll labeled MUMMYIFEGI for 22 gold pieces
  4718 | D:6      | Bought a bubbling dark potion for 19 gold pieces
  4852 | D:6      | Reached skill level 8 in Unarmed Combat
  4931 | D:6      | Gained mutation: Your skin changes colour to match your surroundings (Stealth+). [potion of mutation]
  4931 | D:6      | Gained mutation: You tend to lose your temper in combat. [potion of mutation]
  4931 | D:6      | Gained mutation: You have a pair of small horns on your head. [potion of mutation]
  5001 | D:6      | Found a sparkling altar of Nemelex Xobeh.
  5276 | D:7      | Found a snail-covered altar of Cheibriados.
  5470 | D:7      | Found a staircase to the Ecumenical Temple.
  5561 | D:7      | Reached skill level 5 in Spellcasting
  6305 | D:8      | Reached XP level 10. HP: 74/83 MP: 17/17
  6332 | D:8      | Reached skill level 1 in Shields
  6357 | D:8      | Reached skill level 9 in Unarmed Combat
  6379 | D:8      | Noticed Gastronok
  6397 | D:8      | Killed Gastronok
  6555 | D:8      | Found an ancient bone altar of Kikubaaqudgha.
  6619 | D:8      | Noticed Maurice
  6695 | D:8      | Killed Maurice
  6914 | D:8      | Found a sacrificial altar of Ru.
  7434 | D:8      | Found a burning altar of Makhleb.
  7678 | D:9      | Noticed Erolcha
  7690 | D:9      | Killed Erolcha
  7690 | D:9      | Reached XP level 11. HP: 59/89 MP: 19/19
  7831 | D:9      | Reached skill level 10 in Unarmed Combat
  7929 | D:9      | Found a staircase to the Lair.
  8019 | D:9      | Noticed Joseph
  8034 | D:9      | Killed Joseph
  8288 | Lair:1   | Entered Level 1 of the Lair of Beasts
  8373 | Lair:1   | Learned a level 5 spell: Blade Hands
  8378 | Lair:1   | Learned a level 4 spell: Ice Form
  8593 | Lair:1   | Reached skill level 1 in Ice Magic
  9180 | Lair:1   | Reached skill level 5 in Shields
  9849 | Lair:2   | Found a staircase to the Shoals.
  9996 | Lair:4   | Reached skill level 11 in Unarmed Combat
 10266 | Lair:4   | Found a hole to the Spider Nest.
 10337 | Lair:4   | Reached XP level 12. HP: 97/97 MP: 20/20
 10417 | Lair:6   | Entered Level 6 of the Lair of Beasts
 10488 | Lair:6   | Found a viscous altar of Jiyva.
 10488 | Lair:6   | Found a staircase to the Slime Pits.
 10492 | Lair:6   | Became a worshipper of Jiyva Jeofitto the Shapeless
 10499 | Lair:6   | Noticed a death yak
 10500 | Lair:6   | Noticed a death yak
 10501 | Lair:6   | Noticed a death yak
 10501 | Lair:6   | Noticed a death yak
 10501 | Lair:6   | Noticed a death yak
 11706 | Lair:3   | Reached * piety under Jiyva
 12056 | D:10     | Entered Level 10 of the Dungeon
 12279 | D:10     | Reached ** piety under Jiyva
 12365 | D:10     | Reached *** piety under Jiyva
 12467 | D:10     | Reached skill level 5 in Ice Magic
 12545 | D:10     | Lost mutation: You have a pair of small horns on your head. [Jiyva's grace]
 12641 | D:10     | Reached skill level 12 in Unarmed Combat
 12733 | D:11     | Slain by a two-headed ogre

Skill      XL: |  1  2  3  4  5  6  7  8  9 10 11 12 |
---------------+-------------------------------------+-----
Transmutations | 2 3 4 5 6 7 |  7.6
Spellcasting   | 2 3 4 5 6 |  6.4
Unarmed Combat | 4 5 6 7 8 9 11 12 | 12.0
Shields        | 3 6 7 |  7.1
Ice Magic      | 3 5 |  5.0
Fighting       | |  0.7
Dodging        | |  1.5

Action                   |  1- 3 |  4- 6 |  7- 9 | 10-12 || total
-------------------------+-------+-------+-------+-------++-------
Melee: Unarmed           |   109 |    97 |   365 |   718 ||  1289
       Punch             |     1 |     3 |     6 |       ||    10
       Headbutt          |       |       |    19 |   117 ||   136
       Kick              |       |       |       |     5 ||     5
 Cast: Beastly Appendage |       |       |     1 |     7 ||     8
 Abil: Evoke Berserk Rag |       |       |       |     3 ||     3
Evoke: Wand              |       |       |       |     1 ||     1
  Use: Scroll            |       |     1 |    18 |     6 ||    25
       Potion            |       |       |    14 |    14 ||    28
 Stab: Sleeping          |       |       |     8 |    21 ||    29
       Distracted        |       |       |     1 |     2 ||     3
  Eat: Chunk             |    13 |    15 |    29 |    65 ||   122
Armor: Robe              |    49 |    38 |    84 |   110 ||   281
       Skin              |       |       |    28 |    48 ||    76
Dodge: Dodged            |    59 |    44 |   123 |   113 ||   339
Block: Large shield      |       |       |    16 |   446 ||   462
